AoeStats
← [KMNB] Bandeira

Lombardia

507263905Analyzed
2v2 RM · 16d ago on Sep 17, 2026· 50m 39s· 4 players
Game mode
Random Map
Map size
Medium (4 player)
Population
200
Speed
Normal
Resources
Standard
Victory
Conquest
Starting age
Dark Age
Ending age
Imperial Age
RankedLock teamsTeams togetherTeam positionsShared explorationLock speedFull tech treeHidden civsTurbo modeCheats
Victory
Defeat
🇧🇷 Magyars · Brazil
1514
+12
🇧🇷 Saracens · Brazil
1452
+14
🇹🇼 Khmer · Taiwan
1425
-13
🇹🇼 Mongols · Taiwan
1420
-13
[KMNB] Dedão
6:06 Loom
9:23 Feudal Age
11:09 Double-Bit Axe
16:51 Fletching
20:08 Wheelbarrow
21:14 Forging
25:45 Castle Age
24:41 Padded Archer Armor
25:02 Gold Mining
25:32 Horse Collar
26:31 Bodkin Arrow
26:08 Crossbowman
27:05 Bow Saw
28:43 Leather Archer Armor
28:43 Stone Mining
30:34 Ballistics
32:06 Heavy Plow
35:15 Hand Cart
38:44 Imperial Age
36:13 Town Watch
37:11 Gold Shaft Mining
38:12 Scale Barding Armor
38:43 Iron Casting
40:03 Conscription
39:55 Bloodlines
39:46 Husbandry
40:47 Light Cavalry
41:51 Chain Barding Armor
41:24 Elite Mameluke
43:37 Thumb Ring
44:05 Caravan
46:25 Blast Furnace
46:02 Plate Barding Armor
50:00 Masonry
[KMNB] Bandeira
6:39 Loom
9:22 Feudal Age
10:25 Double-Bit Axe
14:09 Scale Barding Armor
17:13 Horse Collar
22:26 Wheelbarrow
24:57 Castle Age
24:15 Bloodlines
23:58 Gold Mining
25:50 Husbandry
26:14 Chain Barding Armor
26:30 Bow Saw
28:42 Heavy Plow
38:55 Imperial Age
36:45 Hand Cart
37:41 Stone Mining
39:04 Cavalier
40:25 Plate Barding Armor
40:58 Crop Rotation
41:33 Two-Man Saw
41:23 Paladin
44:10 Caravan
48:39 Conscription
50:22 Light Cavalry
Connor
8:45 Feudal Age
8:31 Loom
9:43 Double-Bit Axe
9:52 Horse Collar
18:59 Wheelbarrow
21:44 Castle Age
20:18 Gold Mining
21:06 Fletching
21:47 Bloodlines
22:58 Bow Saw
23:40 Bodkin Arrow
24:00 Heavy Plow
26:41 Hand Cart
26:58 Town Watch
29:13 Husbandry
29:26 Stone Mining
33:23 Imperial Age
31:24 Ballistics
31:55 Thumb Ring
33:38 Light Cavalry
34:25 Scale Barding Armor
34:30 Forging
34:31 Town Patrol
34:25 Elite Skirmisher
35:44 Chain Barding Armor
34:56 Hussar
36:34 Padded Archer Armor
40:32 Iron Casting
39:58 Bracer
40:40 Leather Archer Armor
42:03 Parthian Tactics
44:07 Blast Furnace
44:09 Chemistry
43:46 Conscription
44:11 Murder Holes
45:08 Elite Mangudai
0xNick
6:21 Loom
8:44 Feudal Age
7:40 Loom
9:33 Double-Bit Axe
14:54 Wheelbarrow
14:01 Horse Collar
14:37 Bloodlines
17:12 Town Watch
17:42 Scale Barding Armor
18:34 Forging
21:57 Castle Age
21:19 Gold Mining
23:01 Chain Barding Armor
22:02 Light Cavalry
22:57 Husbandry
29:42 Bow Saw
30:52 Hand Cart
35:56 Imperial Age
39:43 Conscription
40:19 Elite Ballista Elephant
42:56 Fletching
43:52 Ballistics
43:51 Double Crossbow
46:01 Chemistry
44:27 Pikeman
45:08 Scale Mail Armor
46:30 Gold Shaft Mining
46:06 Halberdier
47:05 Chain Mail Armor
47:26 Iron Casting
48:15 Hussar
49:31 Plate Barding Armor
Connection lost

Rejoining the realm…

Still unreachable

The connection could not be restored.

Session expired

The server has moved on; the page needs a fresh start.